 Dungeon Crawl Stone Soup version 0.23.2-1-ga50397a (webtiles) character file.

Game seed: 13624680145246009295

15020 Fang the Fighter (level 12, -17/80 HPs)
             Began as a Gargoyle Berserker on May 1, 2019.
             Was a High Priest of Trog.
             Demolished by a titanic slime creature (76 damage)
             ... on level 12 of the Dungeon.
             The game lasted 00:14:30 (11265 turns).

Fang the Fighter (Gargoyle Berserker)              Turns: 11265, Time: 00:14:30

Health: -17/80     AC: 29    Str: 25    XL:     12   Next: 22%
Magic:  0/12       EV: 13    Int:  9    God:    Trog [*****.]
Gold:   652        SH:  0    Dex:  9    Spells: 11/11 levels left

rFire    . . .     SeeInvis .   d - +1 hand axe (venom)
rCold    . . .     Gourm    +   (no shield)
rNeg     + . .     Faith    .   b - +4 plate armour
rPois    ∞         Spirit   +   (no helmet)
rElec    +         Reflect  .   x - scarf {Spirit}
rCorr    .         Harm     .   (no gloves)
MR       .....                  (no boots)
Stlth    ..........             r - amulet of the gourmand
HPRegen  0.23/turn              q - +2 ring of protection
MPRegen  0.13/turn              u - +3 ring of evasion

@: studying Slings
A: negative energy resistance 1, electricity resistance, unbreathing,
petrification resistance, rot immunity, AC +8
a: Berserk, Trog's Hand, Brothers in Arms, Renounce Religion


You were on level 12 of the Dungeon.
You worshipped Trog.
Trog was extremely pleased with you.
You were very full.

You visited 2 branches of the dungeon, and saw 13 of its levels.

You collected 652 gold pieces.

Inventory:

Hand Weapons
 a - a +2 war axe
 d - a +1 hand axe of venom (weapon)
Armour
 b - a +4 plate armour (worn)
 x - a scarf of spirit shield (worn)
 y - a +2 cloak
Jewellery
 h - an uncursed ring of positive energy
 q - a +2 ring of protection (left hand)
 r - an amulet of the gourmand (around neck)
 u - a +3 ring of evasion (right hand)
 z - a +3 amulet of reflection
Wands
 p - a wand of iceblast (20)
 A - a wand of polymorph (8)
 F - a wand of clouds (3)
 I - a wand of flame (15)
Scrolls
 i - 2 scrolls of fear
 k - 3 scrolls of remove curse
 l - 8 scrolls of teleportation
 o - a scroll of blinking
 t - a scroll of enchant armour
 v - a scroll of identify
Potions
 e - 2 potions of degeneration {unknown}
 f - a potion of might
 g - 2 potions of cancellation
 j - 3 potions of haste
 m - 3 potions of mutation
 n - 4 potions of curing
 s - 2 potions of resistance
 w - 2 potions of heal wounds
 B - a potion of flight {unknown}
 D - a potion of berserk rage
 H - a potion of agility
Books
 E - a manual of Slings
Comestibles
 c - 18 rations
 C - 2 chunks of flesh


   Skills:
 + Level 11.2 Fighting
 + Level 9.5 Axes
 + Level 10.8 Armour
 + Level 8.4 Dodging


You had 11 spell levels left.
You didn't know any spells.
Your spell library was empty.

Dungeon Overview and Level Annotations

Branches:
Dungeon (12/15)            Temple (1/1) D:5            Lair (0/6) D:11
    Orc (0/2) D:10

Altars:
Ashenzari
Dithmenos
Elyvilon
Fedhas
Gozag
Hepliaklqana
Kikubaaqudgha
Okawaru
Qazlal
Sif Muna
Vehumet
Zin

Shops:
D:6 *


Innate Abilities, Weirdness & Mutations

You are resistant to torment.
Your stone body is resilient. (AC +8)
You are immune to poison.
You resist negative energy. (rN+)
You are resistant to electric shocks. (rElec)
You can survive without breathing.
You are immune to petrification.
You are immune to rotting.


Message History

You hit the slime creature.
The slime creature looks as sick as possible!
The slime creature is heavily wounded.
You slash the slime creature!
The slime creature is almost dead.
The slime creature hits you but does no damage.
You slash the slime creature!
The slime creature is almost dead.
You kill the slime creature!
Trog accepts your kill.
The titanic slime creature closely misses you.
You slash the titanic slime creature!
The titanic slime creature looks as sick as possible!
The titanic slime creature is almost dead.
The titanic slime creature barely misses you.
You slash the titanic slime creature!
The titanic slime creature is almost dead.
The titanic slime creature hits you!!!!
Ouch! That really hurt!
You die...

...# ... ###
..( ...# #..
... #.# ...
#.# #.# #.#
#.#
#.#########.#
#.J@..(....(#
###########(#
########.#
.........#
########.#
###.# #...#
#.### #.#


You could see a titanic slime creature.

Vanquished Creatures
  Josephine (D:10)
  A two-headed ogre (D:12)
  Pikel (D:6)
  2 ugly things
  2 cyclopes
  A gargoyle (D:11)
  2 komodo dragons
  3 trolls
  2 hornets (D:8)
  2 hippogriffs (D:11)
  A slime creature (D:12)
  Sigmund (D:5)
  3 yaks (D:11)
  A basilisk (D:11)
  4 wraiths (D:10)
  Eustachio (D:4)
  3 vampire mosquitoes (D:12)
  2 hungry ghosts (D:8)
  A soldier ant (D:8)
  An acid dragon (D:11)
  3 slaves (D:6)
  3 sky beasts
  8 orc warriors
  A black bear (D:12)
  A necrophage (D:9)
  6 ice beasts
  A phantom (D:10)
  3 ogres
  11 centaurs
  A crocodile (D:11)
  7 bullfrogs
  6 scorpions
  5 wights (D:10)
  17 killer bees
  3 howler monkeys (D:11)
  4 bullfrog zombies
  3 crimson imps
  2 centaur zombies (D:8)
  2 quasits
  4 jellies
  4 bullfrog skeletons
  6 hounds
  A gnoll shaman (D:4)
  6 orc priests
  16 orc wizards
  3 centaur skeletons
  3 iguanas
  8 worker ants
  11 adders
  5 gnolls (D:4)
  2 adder zombies (D:7)
  An adder skeleton (D:7)
  2 worms
  A dart slug (D:1)
  A leopard gecko (D:10)
  40 orcs
  9 bats
  5 giant cockroaches
  6 goblins
  6 hobgoblins
  11 jackals
  8 quokkas
  4 frilled lizards
  10 kobolds
  2 leopard gecko skeletons
  A quokka skeleton (D:4)
  2 quokka zombies
  3 rats
303 creatures vanquished.

Vanquished Creatures (others)
  4 fungi (D:11)
4 creatures vanquished.

Grand Total: 307 creatures vanquished

Notes
Turn   | Place    | Note
-------+----------+-------------------------------------------
     0 | D:1      | Fang the Gargoyle Berserker began the quest for the Orb.
     0 | D:1      | Reached XP level 1. HP: 14/14 MP: 1/1
   356 | D:1      | Reached XP level 2. HP: 19/19 MP: 2/2
   976 | D:2      | Found a white marble altar of Elyvilon.
  1042 | D:2      | Reached XP level 3. HP: 24/24 MP: 3/3
  1179 | D:2      | Reached ** piety under Trog
  1375 | D:2      | Reached XP level 4. HP: 24/29 MP: 4/4
  1448 | D:3      | Reached skill level 4 in Fighting
  1744 | D:3      | Reached XP level 5. HP: 33/33 MP: 5/5
  1790 | D:3      | Found a shadowy altar of Dithmenos.
  2299 | D:4      | Reached XP level 6. HP: 20/39 MP: 6/6
  2543 | D:4      | Noticed Eustachio
  2606 | D:4      | Killed Eustachio
  2606 | D:4      | Reached skill level 5 in Fighting
  2606 | D:4      | Reached XP level 7. HP: 21/44 MP: 7/7
  2678 | D:4      | Reached *** piety under Trog
  2967 | D:5      | Entered Level 5 of the Dungeon
  2967 | D:5      | Found a staircase to the Ecumenical Temple.
  2982 | Temple   | Entered the Ecumenical Temple
  3011 | D:5      | Found a shattered altar of Ashenzari.
  3011 | D:5      | Found a deep blue altar of Sif Muna.
  3012 | D:5      | Found a blossoming altar of Fedhas.
  3283 | D:5      | Noticed Sigmund
  3292 | D:5      | Killed Sigmund
  3402 | D:5      | Found a hazy altar of Hepliaklqana.
  3459 | D:5      | Found a radiant altar of Vehumet.
  3822 | D:6      | Reached skill level 5 in Armour
  3865 | D:6      | Reached XP level 8. HP: 41/51 MP: 8/8
  3870 | D:6      | Reached skill level 6 in Fighting
  3890 | D:6      | Noticed Pikel
  3903 | D:6      | Killed Pikel
  3903 | D:6      | Reached skill level 5 in Axes
  4057 | D:6      | Found Loam's Assorted Antiques.
  4929 | D:6      | Found an ancient bone altar of Kikubaaqudgha.
  4930 | D:6      | Found an iron altar of Okawaru.
  5292 | D:7      | Reached skill level 7 in Fighting
  5292 | D:7      | Reached XP level 9. HP: 57/57 MP: 9/9
  5340 | D:7      | Reached skill level 5 in Dodging
  5401 | D:7      | Reached **** piety under Trog
  5702 | D:7      | HP: 4/85 [orc warrior/+0 glaive (8)]
  5712 | D:7      | HP: 2/57 [adder skeleton (2)]
  6644 | D:8      | Reached skill level 8 in Fighting
  6736 | D:8      | Found an opulent altar of Gozag.
  6737 | D:8      | Found a glowing silver altar of Zin.
  6961 | D:8      | Reached XP level 10. HP: 59/64 MP: 8/10
  7209 | D:8      | Reached ***** piety under Trog
  7963 | D:9      | Reached skill level 9 in Fighting
  8637 | D:10     | Entered Level 10 of the Dungeon
  8637 | D:10     | Noticed Josephine
  8653 | D:10     | Killed Josephine
  8653 | D:10     | Reached XP level 11. HP: 71/71 MP: 7/11
  8906 | D:10     | Found a staircase to the Orcish Mines.
  9091 | D:11     | Reached skill level 10 in Fighting
  9327 | D:11     | Found a staircase to the Lair.
  9497 | D:11     | Received a gift from Trog
  9588 | D:11     | Noticed a cyclops
  9595 | D:11     | Reached skill level 10 in Armour
  9602 | D:11     | Killed a cyclops
  9636 | D:11     | Identified the +5 arbalest "Loaseodi" {flame, MP+9 Str+4
                  | Int+5}
  9739 | D:11     | Noticed a white ugly thing
  9754 | D:11     | Killed a white ugly thing
 10865 | D:12     | Noticed a two-headed ogre
 10875 | D:12     | Killed a two-headed ogre
 10875 | D:12     | Reached XP level 12. HP: 79/79 MP: 10/12
 10937 | D:12     | Reached skill level 11 in Fighting
 11166 | D:12     | Received a gift from Trog
 11265 | D:12     | Demolished by a titanic slime creature

Skill      XL: |  1  2  3  4  5  6  7  8  9 10 11 12 |
---------------+-------------------------------------+-----
Axes           | 3 4 5 6 8 9 |  9.5
Dodging        | 2 3 4 5 7 8 |  8.4
Armour         | 3 4 5 6 7 9 10 | 10.8
Fighting       | 4 5 7 8 9 10 11 | 11.2

Action                   |  1- 3 |  4- 6 |  7- 9 | 10-12 || total
-------------------------+-------+-------+-------+-------++-------
Melee: Hand axe          |    93 |    97 |   335 |   681 ||  1206
       War axe           |       |    10 |       |       ||    10
Invok: Berserk           |       |     2 |     5 |     7 ||    14
       Trog's Hand       |       |     1 |       |     1 ||     2
       Brothers in Arms  |       |       |       |     1 ||     1
  Use: Scroll            |       |       |       |    29 ||    29
       Potion            |       |       |       |     1 ||     1
  Eat: Chunk             |     1 |    17 |    30 |    33 ||    81
       Ration            |       |       |     2 |       ||     2
Armor: Animal skin       |     6 |       |       |       ||     6
       Chain mail        |    53 |   116 |   196 |    67 ||   432
       Skin              |       |    12 |       |       ||    12
       Plate armour      |       |       |       |   491 ||   491
Dodge: Dodged            |    60 |    90 |   159 |   496 ||   805
